 Dungeon Crawl Stone Soup version 0.18.1-48-g4cf74bf (webtiles) character file.

65 Mysteryquy the Ruffian (level 4, -4/28 HPs)
             Began as a Gargoyle Monk on Aug 31, 2016.
             Killed from afar by Natasha (8 damage)
             ... with a magic dart
             ... on level 3 of the Dungeon.
             The game lasted 00:03:41 (2113 turns).

Mysteryquy the Ruffian (Gargoyle Monk)              Turns: 2113, Time: 00:03:43

Health: -4/28      AC:  6    Str: 15    XL:     4   Next: 14%
Magic:  4/4        EV: 12    Int: 11    God:
Gold:   93         SH:  0    Dex: 12    Spells: 0 memorised, 3 levels left

rFire  . . .     SeeInvis .     c - +0 club
rCold  . . .     Gourm    .     r - +0 leather armour
rNeg   + . .     Faith    .     (no shield)
rPois  ∞         Spirit   .     (no helmet)
rElec  +         Dismiss  .     (no cloak)
rCorr  .         Reflect  .     (no gloves)
SustAt .         Harm     .     (no boots)
MR     .....                    (no amulet)
Stlth  ++........               (no ring)
                                (no ring)

@: slowed, very slow, not resistant to hostile enchantments, unstealthy
A: negative energy resistance 1, electricity resistance, unbreathing,
petrification resistance, rot immunity, AC +3
a: no special abilities


You were on level 3 of the Dungeon.
You were not hungry.

You visited 1 branch of the dungeon, and saw 3 of its levels.

You collected 93 gold pieces.

Inventory:

Hand Weapons
 c - a +0 club (weapon)
Armour
 a - a +0 robe
 r - a +0 leather armour (worn)
Jewellery
 d - an uncursed ring of protection from fire {unknown}
Scrolls
 e - a scroll of enchant armour {unknown}
 h - 2 scrolls of identify {unknown}
 i - a scroll of remove curse {unknown}
 l - 2 scrolls of teleportation {unknown}
 m - a scroll of random uselessness {unknown}
 p - a scroll of amnesia {unknown}
Potions
 j - 3 potions of curing {unknown}
 k - a potion of degeneration {unknown}
 n - a potion of cancellation {unknown}
 q - a potion of invisibility {unknown}
Comestibles
 b - a bread ration
 g - 3 fruits
 o - a royal jelly


   Skills:
 + Level 3.5 Fighting
 * Level 1.1 Maces & Flails
 * Level 1.4 Armour
 + Level 2.8 Dodging
 + Level 2.5 Stealth
 - Level 4.4 Unarmed Combat


You had 3 spell levels left.
You didn't know any spells.

Dungeon Overview and Level Annotations

Branches:
Dungeon (3/15)

Altars:

Annotations:
D:2 1 exclusion, Crazy Yiuf
D:3 Natasha


Innate Abilities, Weirdness & Mutations

You are resistant to torment.
Your stone body is resilient (AC +3).
You are immune to poison.
You resist negative energy.
You are resistant to electric shocks.
You can survive without breathing.
You are immune to petrification.
You are immune to rotting.


Message History

The bat misses you. The bat hits you. The bat hits you but does no damage.
Natasha barely misses you. The bat completely misses you.
Natasha closely misses you. The iron imp hits you!
* * * LOW HITPOINT WARNING * * *
The bat closely misses you.
You are too injured to fight recklessly!
Unknown command.
You are too injured to fight recklessly!
Unknown command.
You are too injured to fight recklessly!
Unknown command.
Unknown command.
You are too injured to fight recklessly!
You hit Natasha.
Natasha is almost dead.
The shadow imp disappears in a puff of smoke!
The bat closely misses you. The bat barely misses you.
Natasha casts a spell at you. The magic dart hits you!
You die...

.#..### .....#
#..$.# #....#
#....#
.####..h.######
......#........
#.....####
##..#§h@b#
###.###5# #.
..# #. .#.. ..
..### .. .. ###
.## .#


You could see an iron imp, Natasha and a bat.

Vanquished Creatures
  An adder (D:2)
  An ooze (D:2)
  3 worms
  2 dart slugs
  5 orcs (D:3)
  A ball python (D:1)
  A giant cockroach (D:2)
  5 goblins
  4 hobgoblins
  A kobold (D:2)
  2 bats
  4 giant newts
  6 rats
  A fungus (D:2)
37 creatures vanquished.

Notes
Turn   | Place    | Note
--------------------------------------------------------------
     0 | D:1      | Mysteryquy the Gargoyle Monk began the quest for the Orb.
     0 | D:1      | Reached XP level 1. HP: 14/14 MP: 1/1
   443 | D:1      | Reached XP level 2. HP: 17/19 MP: 2/2
   646 | D:2      | Reached skill level 1 in Armour
   805 | D:2      | Reached XP level 3. HP: 19/23 MP: 3/3
  1874 | D:2      | Noticed Crazy Yiuf
  1974 | D:3      | Reached XP level 4. HP: 28/28 MP: 4/4
  1983 | D:3      | Reached skill level 1 in Maces & Flails
  1988 | D:3      | Noticed Natasha
  2113 | D:3      | Killed from afar by Natasha

Skill      XL: |  1  2  3  4 |
---------------+-------------+-----
Armour         | 1 |  1.4
Maces & Flails | 1 |  1.1
Fighting       | |  3.5
Dodging        | |  2.8
Stealth        | |  2.5
Unarmed Combat | |  4.4

Action                   |  1- 3 |  4- 6 || total
-------------------------+-------+-------++-------
Melee: Unarmed           |    17 |       ||    17
       Club              |   182 |    28 ||   210
       Punch             |     2 |       ||     2
 Stab: Sleeping          |     5 |       ||     5
  Eat: Meat ration       |     1 |       ||     1
       Chunk             |     1 |       ||     1
Armor: Robe              |    39 |       ||    39
       Leather armour    |     7 |    14 ||    21
Dodge: Dodged            |   103 |    33 ||   136
